 Dungeon Crawl Stone Soup version 0.27-a0-836-gfc908b8576 (webtiles) character file.

Game seed: 8090881316699243831

687493 tsouns the Wrestler (level 27, -26/306 HPs)
             Began as a Troll Earth Elementalist on Mar 26, 2021.
             Was an Initiate of Gozag.
             Killed from afar by Rikhup the pandemonium lord (95 damage)
             ... with a crystal spear
             ... in Pandemonium on Mar 31, 2021.
             The game lasted 03:10:47 (61872 turns).

tsouns the Wrestler (Troll Earth Elementalist)     Turns: 61872, Time: 03:10:48

Health: -26/306    AC: 40    Str: 36      XL:     27
Magic:  21/21      EV:  8    Int: 12 (14) God:    Gozag
Gold:   23102      SH: 16    Dex:  8 (10) Spells: 12/28 levels left

rFire    + + +     SeeInvis +     - Unarmed
rCold    + + +     Faith    .   Y - +2 shield of Resistance {rF++ rC++ Will++}
rNeg     . . .     Spirit   .   V - +9 scales of the Dragon King {rPois rF+ rC+ Will+}
rPois    +         Reflect  .   f - +0 mask of the Dragon {Will+ Slay+3 SInv}
rElec    +         Harm     .   U - +2 cloak {Will+}
rCorr    +         Rampage  .   (gloves unavailable)
Will     +++++                  (boots unavailable)
Stlth    ..........             E - amulet of Vitality {Regen+ HP+15}
HPRegen  2.61/turn              W - +4 ring of protection
MPRegen  0.17/turn              l - +6 ring of strength

@: mighty, resistant, hasted, studying 2 skills, very quick
A: large, unfitting armour, claws 3, regeneration 1, shaggy fur 1, tough skin 1,
hooves 1, deterioration 1, low mp 1
}: 4/15 runes: serpentine, barnacled, slimy, abyssal
a: Renounce Religion, Potion Petition, Call Merchant, Bribe Branch


You were in Pandemonium.
You worshipped Gozag.
Gozag was extremely pleased with you.
You visited 11 branches of the dungeon, and saw 51 of its levels.
You visited Pandemonium 1 time, and saw 1 of its levels.
You visited the Abyss 1 time.
You also visited: Ossuary, Bailey, Ice Cave and Wizlab.

You collected 32410 gold pieces.
You spent 5414 gold pieces at shops.
You paid 3894 gold pieces to Gozag.

Inventory:

Hand Weapons
 P - the +9 heavy crossbow "Sniper" {vorpal, Acc+∞ SInv}
   (You found it on level 1 of the Lair of Beasts)

   Any bolt fired from it inflicts extra damage.
   It lets you see invisible.
Missiles
 c - 904 bolts
 m - 83 large rocks (quivered)
 o - 24 stones
 H - 5 curare-tipped darts
 O - 49 javelins
Armour
 f - the +0 mask of the Dragon (worn) {Will+ Slay+3 SInv}
   (You bought it in a shop on level 3 of the Depths)

   It affects your accuracy and damage with ranged weapons and melee attacks
   (+3).
   It lets you see invisible.
   It increases your willpower.
 U - a +2 cloak of willpower (worn)
 V - the +9 scales of the Dragon King (worn) {rPois rF+ rC+ Will+}
   (You acquired it on level 6 of the Lair of Beasts)

   It protects you from fire.
   It protects you from cold.
   It protects you from poison.
   It increases your willpower.
 Y - the +2 shield of Resistance (worn) {rF++ rC++ Will++}
   (You bought it in a shop on level 15 of the Dungeon)

   It greatly protects you from fire.
   It greatly protects you from cold.
   It greatly increases your willpower.
Jewellery
 l - a +6 ring of strength (right claw)
 p - the amulet "Vosauh" {Acrobat rPois Will++ Int-2}
   (You found it on level 4 of the Dungeon)

   [amulet of the acrobat]

   It increases your evasion while moving and waiting.
   It affects your intelligence (-2).
   It protects you from poison.
   It greatly increases your willpower.
 E - the amulet of Vitality (around neck) {Regen+ HP+15}
   (You bought it in a shop on level 1 of the Depths)

   [amulet of regeneration]

   It affects your health (+15).
   It increases your rate of health regeneration.
 W - a +4 ring of protection (left claw)
Wands
 b - a wand of iceblast (34)
 e - a wand of polymorph (37)
 u - a wand of acid (32)
 K - a wand of charming (38)
 L - a wand of flame (84)
 M - a wand of mindburst (19)
 N - a wand of paralysis (43)
Scrolls
 a - a scroll of summoning
 d - 3 scrolls of blinking
 g - a scroll of holy word
 i - 14 scrolls of amnesia
 j - 14 scrolls of teleportation
 n - 10 scrolls of enchant armour
 r - 8 scrolls of fear
 A - 3 scrolls of fog
 C - 7 scrolls of silence
 J - 35 scrolls of identify
 Q - 9 scrolls of magic mapping
 X - 6 scrolls of immolation
Potions
 h - 7 potions of flight
 k - 21 potions of curing
 q - 4 potions of invisibility
 s - 4 potions of haste
 v - 8 potions of heal wounds
 w - 2 potions of berserk rage
 z - 4 potions of ambrosia
 B - 4 potions of might
 D - a potion of resistance
 F - 6 potions of mutation
 G - 5 potions of magic
 I - 3 potions of cancellation
 R - 8 potions of brilliance
Miscellaneous
 t - a condenser vane (inert)
 x - a tin of tremorstones (1/2)
 y - a phantom mirror
 S - a lightning rod (4/4)
 T - a phial of floods (inert)
 Z - a phantom mirror


   Skills:
 * Level 20.2 Fighting
 + Level 16.6 Throwing
 + Level 18.3 Armour
 + Level 11.8 Dodging
 + Level 4.4 Stealth
 + Level 14.8 Shields
 + Level 26.7 Unarmed Combat
 - Level 1.3 Spellcasting
 - Level 0.6 Transmutations
 - Level 2.6 Earth Magic
 + Level 8.3 Evocations


You had 12 spell levels left.
You knew the following spells:

 Your Spells              Type           Power      Damage    Failure   Level
a - Sandblast             Erth           14%        2d6       58%         1
b - Passwall              Tmut/Erth      3%         N/A       87%         2
c - Stone Arrow           Conj/Erth      8%         3d7       98%         3
d - Confusing Touch       Hex            0%         N/A       100%        3
e - Blade Hands           Tmut           1%         N/A       100%        6
f - Apportation           Tloc           0%         N/A       92%         1

Your spell library contained the following spells:

 Spells                   Type           Power      Damage    Failure   Level
 Beastly Appendage        Tmut           4%         N/A       87%         1
 Animate Skeleton         Necr           0%         N/A       92%         1
 Corona                   Hex            0%         N/A       92%         1
 Magic Dart               Conj           0%         1d3       92%         1
 Pain                     Necr           0%         1d4       92%         1
 Summon Small Mammal      Summ           0%         N/A       92%         1
 Wereblood                Tmut           2%         N/A       95%         2
 Blink                    Tloc           N/A        N/A       98%         2
 Call Imp                 Summ           0%         N/A       98%         2
 Corpse Rot               Necr/Air       N/A        N/A       98%         2
 Ensorcelled Hibernation  Hex/Ice        0%         N/A       98%         2
 Poisonous Vapours        Pois/Air       0%         N/A       98%         2
 Slow                     Hex            0%         N/A       98%         2
 Sublimation of Blood     Necr           0%         N/A       98%         2
 Swiftness                Air            0%         N/A       98%         2
 Ignite Poison            Fire/Tmut/Pois 1%         N/A       99%         3
 Spider Form              Tmut/Pois      0%         N/A       99%         3
 Conjure Flame            Conj/Fire      0%         6-21      100%        3
 Dazzling Flash           Conj/Hex       0%         N/A       100%        3
 Gell's Gravitas          Tloc           0%         N/A       100%        3
 Inner Flame              Hex/Fire       0%         N/A       100%        3
 Mephitic Cloud           Conj/Pois/Air  0%         N/A       100%        3
 Teleport Other           Tloc           0%         N/A       100%        3
 Tukima's Dance           Hex            0%         N/A       100%        3
 Vampiric Draining        Necr           0%         2d6       100%        3
 Animate Armour           Summ/Erth      8%         N/A       100%        4
 Cause Fear               Hex            0%         N/A       100%        4
 Dispel Undead            Necr           0%         3d6       100%        4
 Ice Form                 Ice/Tmut       1%         N/A       100%        4
 Passage of Golubria      Tloc           N/A        N/A       100%        4
 Petrify                  Tmut/Erth      4%         N/A       100%        4
 Summon Lightning Spire   Summ/Air       0%         N/A       100%        4
 Agony                    Necr           0%         N/A       100%        5
 Alistair's Intoxication  Tmut/Pois      0%         N/A       100%        5
 Borgnjor's Vile Clutch   Necr/Erth      2%         N/A       100%        5
 Hydra Form               Tmut           1%         N/A       100%        5
 Irradiate                Conj/Tmut      0%         3d13      100%        5
 Lee's Rapid Deconstruct  Erth           3%         3d6*      100%        5
 Manifold Assault         Tloc           0%         N/A       100%        5
 Metabolic Englaciation   Hex/Ice        0%         N/A       100%        5
 Silence                  Hex/Air        0%         N/A       100%        5
 Summon Forest            Summ/Tloc      0%         N/A       100%        5
 Summon Mana Viper        Hex/Summ       0%         N/A       100%        5
 Yara's Violent Unravell  Hex/Tmut       0%         3d3       100%        5
 Conjure Ball Lightning   Conj/Air       0%         3x3d6     100%        6
 Death Channel            Necr           0%         N/A       100%        6
 Dispersal                Tloc           0%         N/A       100%        6
 Eringya's Noxious Bog    Tmut/Pois      0%         N/A       100%        6
 Freezing Cloud           Conj/Ice/Air   0%         6-21      100%        6
 Invisibility             Hex            0%         N/A       100%        6
 Shadow Creatures         Summ           N/A        N/A       100%        6
 Simulacrum               Ice/Necr       0%         N/A       100%        6
 Statue Form              Tmut/Erth      2%         N/A       100%        6
 Dragon Form              Tmut           1%         N/A       100%        7
 Haunt                    Necr/Summ      0%         N/A       100%        7
 Malign Gateway           Summ/Tloc      0%         N/A       100%        7
 Monstrous Menagerie      Summ           0%         N/A       100%        7
 Ozocubu's Refrigeration  Ice            0%         4d5       100%        7
 Summon Hydra             Summ           0%         N/A       100%        7
 Discord                  Hex            0%         N/A       100%        8
 Necromutation            Tmut/Necr      0%         N/A       100%        8
 Summon Horrible Things   Summ           0%         N/A       100%        8
 Tornado                  Air            0%         N/A       100%        9


Dungeon Overview and Level Annotations

Branches:
Dungeon (15/15)            Temple (0/1) D:7            Lair (6/6) D:8
 Shoals (4/4) Lair:2        Snake (4/4) Lair:3        Slime (5/5) Lair:6
    Orc (2/2) D:10            Elf (3/3) Orc:2        Vaults (3/5) D:13
  Crypt (3/3) Vaults:3       Tomb (0/3) Crypt:3      Depths (5/5) D:15
   Hell (visited)             Dis (0/7) Hell            Geh (0/7) Hell
    Coc (0/7) Hell            Tar (0/7) Hell            Zot (0/5) Depths:5
Ossuary (visited)          Bailey (visited)           IceCv (visited)
 WizLab (visited)

Altars:
Ashenzari
Cheibriados
Elyvilon
Fedhas
Gozag
Kikubaaqudgha
Okawaru
Qazlal
Ru
Sif Muna
Trog
Xom
Zin
The Shining One
Beogh
Jiyva

Shops:
D:2 :   D:7 !   D:15 [   Orc:2 *[=?   Elf:1 *   Elf:3 !((   Lair:2 [
Depths:1 [[**   Depths:3 [

Portals:
Hell: Depths:1 Depths:2 Depths:3 Depths:4 Depths:5
Abyss: Depths:2 Depths:4
Pandemonium: Depths:3 Depths:5
Ziggurat: Depths:1
Trove: D:14 (give +4 storm dragon scales)

Annotations:
Lair:6 2 transporters, PeterLawrence's ghost, journeyman MiFi; adept's ghost, journeyman DjCj
Depths:5 2 transporters, Argha's ghost, veteran GrGl


Innate Abilities, Weirdness & Mutations

You are too large for most types of armour.
You have claws for hands.
Your natural rate of healing is unusually fast.
You are covered in fur. (AC +1)
You have tough skin. (AC +1)
You have large cloven feet.
Your body sometimes deteriorates upon taking damage.
Your magical capacity is low. (-10% MP)


Message History

You claw the tormentor! You kick the tormentor!
The tormentor is severely wounded.
You hear a shout!
The smoke demon is no longer distracted by gold.
A monstrous blood saint comes into view.
It is wearing a +1 robe of willpower.
You closely miss the tormentor. Your kick misses the tormentor.
The tormentor is severely wounded.
The tormentor becomes distracted by the nearby gold, dreaming of imaginary riches.
The tormentor roars!
You claw the tormentor!
You kill the tormentor!
You eviscerate the soul eater!!! You kick the soul eater!
The soul eater is almost dead.
The soul eater hits you but does no damage.
You eviscerate the soul eater!!!
You kill the soul eater!
The monstrous blood saint is engulfed in poison gas.
The monstrous blood saint is poisoned.
You miss the tormentor. You kick the tormentor!
The tormentor is moderately wounded.
Rikhup blinks!
You eviscerate the tormentor!!!
You kill the tormentor!
Found 20 gold pieces.
The tremorstone explodes into fragments!
The burst of rock shards engulfs Rikhup! x2
Aim the phial where?
Press: ? - help, Shift-Dir - straight line, f - Rikhup
Aim: Rikhup, armed with a distorting touch (lightly wounded)
The torrent of water misses Rikhup.
The wave splashes down.
Rikhup is engulfed in water.
Rikhup blinks!
The Tzitzimitl gestures at you. The bolt of negative energy misses you.
You eviscerate Rikhup!!! You kick Rikhup!
Rikhup is heavily wounded.
Rikhup gestures at you. The crystal spear hits you!!!!
You die...
Your body crumbles into a pile of gold.

#.#.#####.#.##
#.........#..#
#..$########.#
#...# #.# #...# #)#
.....# #.#
#######..###'## #..
#.#####≈≈##.6.# ##.
#.@.≈≈≈≈≈##.'.# .
#&..$≈§≈∩##33.# #.
#######1≈##.6.# ...
.........# .'.# ...
#........###$###...
#....#...&81$.8....
#....###..1......##
#... ###.....###
#.. ..........#


You could see Rikhup (waterlogged) and a Tzitzimitl (waterlogged).

Vanquished Creatures
  the Royal Jelly (Slime:5)
  2 dread liches (Abyss:4)
  3 ancient liches
  Mara (Snake:3)
  Mennas (Crypt:3)
  Geryon (Hell)
  Nikola (Shoals:1)
  3 golden dragons
  7 bone dragons
  A profane servitor (Abyss:3)
  2 hellephants
  Jorgrun (D:14)
  A shard shrike skeleton (Crypt:2)
  3 tentacled monstrosities
  2 Hell Sentinels (Abyss:3)
  3 deep elf blademasters
  6 liches
  A deep elf master archer (Elf:3)
  2 titans
  A kraken (Shoals:2)
  A quicksilver dragon (Depths:5)
  9 tentacled starspawn
  18 acid blobs
  7 ancient champions
  5 sphinxes
  3 Executioners
  2 shadow dragons
  Agnes (D:15)
  4 tengu reavers
  3 storm dragons
  Kirke (Snake:2)
  Donald (Orc:2)
  Ilsuiw (Shoals:2)
  2 revenants
  Roxanne (Elf:3)
  2 draconian knights (Depths:5)
  8 fire giants
  10 rockslimes
  8 nagarajas
  Louise (Shoals:1)
  14 azure jellies
  3 iron dragons
  8 vault wardens
  4 deep elf sorcerers
  A ghost moth (Abyss:3)
  15 ghouls
  10 frost giants
  A draconian shifter (Abyss:3)
  4 cacodemons
  An orc warlord (Bailey)
  6 deep elf elementalists
  Aizul (Snake:2)
  3 balrugs
  An angel (Abyss:3)
  2 curse skulls
  15 very ugly things
  8 ironbound preservers
  3 war gargoyles
  5 quicksilver oozes
  2 caustic shrike skeletons
  17 stone giants
  11 reapers
  9 vampire knights
  11 deep elf annihilators (Elf:3)
  82 starcursed masses
  2 green draconians (Depths:5)
  3 black draconians
  4 deep elf demonologists
  4 lorocyprocas
  2 red draconians (Depths:5)
  A yellow draconian (Abyss:4)
  5 dire elephants
  2 pale draconians (Depths:5)
  2 entropy weavers
  A spark wasp (Depths:4)
  4 eidola
  2 orange crystal statues
  2 salamander tyrants
  9 deep elf death magi
  14 jiangshi
  16 ettins
  4 merfolk javelineers
  9 merfolk impalers
  5 blizzard demons
  2 crystal guardians
  A green death (Abyss:3)
  13 fire dragons
  14 great orbs of eyes
  10 hydras
  5 deep elf high priests
  5 yaktaur captains
  2 quicksilver dragon skeletons
  An ironbound thunderhulk (Vaults:3)
  A monstrous demonspawn (Depths:3)
  25 naga warriors
  3 vault guards
  2 hell beasts
  7 rakshasas
  3 boulder beetles
  2 peacekeepers
  7 spriggan air magi
  An ogre mage (D:15)
  11 ice dragons
  10 anacondas
  12 centaur warriors
  A catoblepas (Lair:5)
  6 ironbound frosthearts
  3 alligator snapping turtles
  3 merfolk avatars
  6 merfolk aquamancers
  2 death knights (Crypt:2)
  An alligator (Shoals:1)
  2 deep troll shamans
  32 thrashing horrors
  2 deep troll earth magi
  16 death yaks
  12 tengu warriors
  A satyr (Shoals:4)
  9 two-headed ogres
  Urug (Orc:2)
  2 orc high priests (Orc:2)
  10 vampire magi
  9 hell hogs
  8 shock serpents
  6 ironbound beastmasters
  17 naga sharpshooters
  10 hell knights
  A spriggan (Depths:2)
  13 soul eaters
  8 sun demons
  3 iron golems (Hell)
  15 deep elf knights
  27 wretched stars
  7 spriggan berserkers
  2 spark wasp zombies (Hell)
  3 shadow wraiths
  4 sixfirhies
  Sonja (Lair:4)
  A fire crab (shapeshifter) (Elf:1)
  5 iron trolls
  57 skeletal warriors
  12 spatial maelstroms
  A bunyip zombie (Crypt:3)
  2 titan skeletons
  2 storm dragon skeletons (Crypt:3)
  8 sea snakes
  A golden dragon zombie (Hell)
  7 salamander mystics
  29 deep trolls
  8 flayed ghosts
  A gelid demonspawn (Pan)
  11 glowing orange brains
  2 torturous demonspawn (Depths:5)
  9 naga ritualists
  8 bog bodies
  3 swamp dragons (Depths:5)
  A shadow demon (Abyss:3)
  2 kraken simulacra (Hell)
  A harpy (shapeshifter) (Elf:3)
  An anaconda zombie (Hell)
  15 wizards
  4 ironbound convokers
  11 orc knights
  10 deep elf archers
  2 shadow dragon zombies (Hell)
  7 lindwurms
  4 anaconda skeletons (Crypt:3)
  10 phantasmal warriors
  10 necromancers
  A sphinx zombie (Vaults:1)
  5 orc sorcerers
  20 deep elf pyromancers
  11 harpies
  6 cyclopes
  A will-o-the-wisp (Abyss:4)
  11 mana vipers
  25 deep elf zephyrmancers
  3 fire giant zombies
  An orb spider (shapeshifter) (D:13)
  An orb spider (Abyss:2)
  35 ugly things
  9 fauns
  A stone giant zombie (Hell)
  2 wolf spiders (Lair:6)
  14 manticores
  A frost giant zombie (Hell)
  2 shining eyes (Slime:5)
  13 salamanders
  7 merfolk sirens
  6 worldbinders
  A goliath frog skeleton (Crypt:2)
  4 stone giant skeletons
  40 black mambas
  27 elephants
  9 guardian serpents
  2 iron dragon skeletons (Crypt:3)
  2 fire giant skeletons
  3 eyes of devastation
  18 naga magi
  2 toenail golems
  2 centaur zombies (D:10)
  An eleionoma skeleton (Crypt:3)
  2 human skeletons (Vaults:1)
  14 rust devils
  6 vault sentinels
  5 apocalypse crabs
  2 frost giant skeletons
  3 orange demons
  2 molten gargoyles
  A gargoyle (D:13)
  A cane toad (shapeshifter) (D:15)
  11 cane toads
  A dire elephant skeleton (Abyss:3)
  An unseen horror (shapeshifter) (D:10)
  36 smoke demons
  4 water nymphs
  A shock serpent skeleton (Crypt:3)
  3 ice statues
  A sea snake zombie (Hell)
  A red draconian zombie (Hell)
  4 rime drakes
  17 freezing wraiths
  19 yaktaurs
  A kobold demonologist (D:11)
  3 efreet
  5 hellions
  3 unseen horrors
  5 guardian mummies
  9 komodo dragons
  18 ice devils
  10 tormentors
  4 tengu conjurers
  5 hellwings
  A white draconian skeleton (Crypt:3)
  30 ancient zymes
  A sea snake skeleton (Crypt:2)
  7 red devils
  A harpy zombie (Abyss:3)
  A fire dragon zombie (Hell)
  29 merfolk
  2 silent spectres
  10 polar bears
  8 trolls
  5 hydra zombies
  2 hornets
  7 wind drakes
  32 raiju
  A hydra skeleton (Crypt:3)
  10 dream sheep
  21 blink frogs
  88 slime creatures
  A harpy skeleton (Crypt:3)
  14 snapping turtles
  A spriggan zombie (Hell)
  An ettin zombie (Hell)
  2 alligator zombies
  3 ice dragon zombies
  A deep troll zombie (Hell)
  A redback (Vaults:3)
  2 air elementals (Elf:1)
  A shock serpent simulacrum (Hell)
  19 flying skulls
  Sigmund (D:2)
  9 ynoxinuls
  2 wyverns
  2 shadows
  8 wraiths
  39 yaks
  2 vampires
  4 ettin skeletons
  A spriggan (shapeshifter) (Abyss:3)
  5 fire elementals
  4 vampire mosquitoes
  3 steam dragons (Depths:5)
  13 water elementals
  9 fire bats
  22 golden eyes
  3 basilisks
  6 hogs (Snake:2)
  11 neqoxecs
  A sea snake simulacrum (Hell)
  39 large abominations
  2 wargs (Vaults:2)
  3 tengu zombies
  13 chaos spawn
  A human simulacrum (Vaults:3)
  17 spatial vortices
  An infernal demonspawn zombie (Crypt:1)
  2 acid dragons
  72 nagas
  2 hydra simulacra (Hell)
  A gelid demonspawn zombie (Crypt:3)
  6 hell hounds
  2 floating eyes
  21 water moccasins
  27 orc warriors
  6 ice beasts
  8 black bears
  An ice dragon simulacrum (Hell)
  2 sky beasts
  10 necrophages
  2 human zombies (Vaults:1)
  A swamp dragon skeleton (Crypt:3)
  25 wolves
  16 centaurs
  5 ogres
  A manticore skeleton (Crypt:1)
  A phantom (D:6)
  A rime drake skeleton (Crypt:3)
  6 elf zombies
  A kobold brigand (D:9)
  A palentonga zombie (Crypt:1)
  10 bullfrogs
  2 gnoll sergeants
  A salamander zombie (Crypt:1)
  2 earth elementals (Elf:1)
  A wyvern skeleton (D:7)
  36 small abominations
  A queen bee zombie (Crypt:2)
  4 scorpions
  8 killer bees
  5 wights (Abyss:3)
  An electric eel (Elf:1)
  2 howler monkeys
  A vampire bat (Lair:6)
  5 crimson imps
  5 quasits (Abyss:3)
  A bullfrog zombie (D:5)
  4 hounds
  A jelly (D:7)
  25 orc priests
  Crazy Yiuf (D:7)
  A demonspawn skeleton (Crypt:2)
  3 iron imps
  A centaur skeleton (Crypt:1)
  5 gnoll shamans
  Jessica (D:2)
  3 bullfrog skeletons
  24 orc wizards
  2 hell rats (Lair:6)
  Natasha (thrice) (D:4)
  A naga skeleton (Crypt:3)
  An ogre skeleton (Crypt:1)
  A deep dwarf skeleton (Crypt:3)
  A mummy (Ossuary)
  29 gnolls
  A howler monkey skeleton (D:6)
  17 adders
  6 river rats (Lair:6)
  A swamp drake zombie (Crypt:2)
  5 shadow imps
  20 white imps
  14 ufetubi
  An iguana zombie (Crypt:2)
  A halfling skeleton (Crypt:2)
  A worm (D:2)
  2 dart slugs
  81 orcs
  4 spectral bats (Ossuary)
  3 endoplasms (D:3)
  3 giant cockroaches (D:3)
  12 gnoll zombies (Ossuary)
  13 goblins
  7 hobgoblins
  10 jackals
  23 kobolds
  5 quokkas
  4 ball pythons
  6 bats
  3 frilled lizards
  4 goblin simulacra (Ossuary)
  4 goblin zombies (Ossuary)
  7 hobgoblin zombies (Ossuary)
  6 kobold simulacra (Ossuary)
  2 kobold zombies (Ossuary)
  5 orc zombies (Ossuary)
  7 rats
  2 rat simulacra (Ossuary)
  5 spectral goblins (Ossuary)
  3 spectral kobolds (Ossuary)
  A spectral rat (Ossuary)
  A fire vortex (Depths:4)
  9 starspawn tentacles
  4 tentacles
2806 creatures vanquished.

Vanquished Creatures (others)
  A frost giant (Depths:4)
  23 dancing weapons
  A hell hog (Abyss:3)
  An orc high priest (Orc:2)
  A spriggan (shapeshifter) (Abyss:3)
  A chaos spawn (Abyss:4)
  An orc priest (Orc:2)
  A starcursed mass (Abyss:3)
  7 white imps (IceCv)
  2 ufetubi
  6 foxfires (Abyss:4)
  62 fungi
  4 lurking horrors (Abyss:3)
  137 plants
  32 starspawn tentacles
  17 tentacles
  4 withered plants (D:15)
301 creatures vanquished.

Grand Total: 3107 creatures vanquished

Notes
Turn   | Place    | Note
-------+----------+-------------------------------------------
     0 | D:1      | tsouns the Troll Earth Elementalist began the quest for the
                  | Orb.
     0 | D:1      | Reached XP level 1. HP: 16/16 MP: 1/1
    70 | D:1      | Found a broken altar of Ashenzari.
   128 | D:1      | Reached skill level 1 in Unarmed Combat
   715 | D:2      | Reached XP level 2. HP: 26/26 MP: 2/2
   849 | D:2      | Reached skill level 1 in Fighting
   849 | D:2      | Reached skill level 2 in Unarmed Combat
   911 | D:2      | Reached XP level 3. HP: 33/33 MP: 3/3
   932 | D:2      | Noticed Jessica
   935 | D:2      | Killed Jessica
   984 | D:2      | Noticed Sigmund
   999 | D:2      | Killed Sigmund
  1000 | D:2      | Reached skill level 4 in Unarmed Combat
  1000 | D:2      | Reached XP level 4. HP: 44/44 MP: 1/4
  1000 | D:2      | Reached XP level 5. HP: 50/50 MP: 1/5
  1076 | D:2      | Found Zownesm's Book Emporium.
  1249 | D:2      | Reached XP level 6. HP: 59/59 MP: 6/6
  1583 | D:3      | Reached skill level 5 in Unarmed Combat
  1801 | D:3      | Found an opulent altar of Gozag.
  2336 | D:3      | Became a worshipper of Gozag Ym Sagoz the Greedy
  2399 | D:4      | Noticed Natasha
  2408 | D:4      | Killed Natasha
  2567 | D:4      | Identified the amulet "Vosauh" {Acrobat rPois Will++ Int-2}
  2659 | D:4      | Noticed Natasha
  2670 | D:4      | Killed Natasha
  2880 | D:4      | Found a sand-covered staircase.
  2889 | Ossuary  | Entered an ossuary
  3094 | Ossuary  | Reached XP level 7. HP: 66/67 MP: 7/7
  3336 | D:4      | Reached skill level 6 in Unarmed Combat
  3364 | D:4      | Noticed Natasha
  3371 | D:4      | Killed Natasha
  3724 | D:5      | Entered Level 5 of the Dungeon
  3858 | D:5      | Reached skill level 7 in Unarmed Combat
  3915 | D:5      | Noticed a wraith
  3948 | D:5      | Killed a wraith
  3949 | D:5      | Reached XP level 8. HP: 53/79 MP: 8/8
  4120 | D:5      | Reached skill level 8 in Unarmed Combat
  4429 | D:6      | Reached skill level 5 in Fighting
  4443 | D:6      | Learned a level 2 spell: Passwall
  4447 | D:6      | Learned a level 3 spell: Stone Arrow
  4451 | D:6      | Learned a level 3 spell: Confusing Touch
  4564 | D:6      | Found a snail-covered altar of Cheibriados.
  4634 | D:6      | Reached skill level 9 in Unarmed Combat
  4732 | D:6      | Reached skill level 1 in Shields
  4805 | D:6      | Found a sacrificial altar of Ru.
  4805 | D:6      | Found a shimmering blue altar of Sif Muna.
  5104 | D:6      | Found a bloodstained altar of Trog.
  5104 | D:6      | Found a blossoming altar of Fedhas.
  5107 | D:6      | Found a glowing silver altar of Zin.
  5202 | D:7      | Found a white marble altar of Elyvilon.
  5260 | D:7      | Identified the +9 plate armour of Ukuisay {*Contam rF+
                  | Will+}
  5265 | D:7      | Reached XP level 9. HP: 88/88 MP: 10/10
  5276 | D:7      | Found a staircase to the Ecumenical Temple.
  5281 | D:7      | Found a stormy altar of Qazlal.
  5297 | D:7      | Found Uhuck's Distillery.
  5357 | D:7      | Bought a potion of curing for 39 gold pieces
  5357 | D:7      | Bought a potion of heal wounds for 65 gold pieces
  5357 | D:7      | Bought a potion of heal wounds for 65 gold pieces
  5357 | D:7      | Bought a potion of heal wounds for 65 gold pieces
  5357 | D:7      | Bought a potion of berserk rage for 65 gold pieces
  5524 | D:7      | Reached skill level 10 in Unarmed Combat
  5541 | D:7      | Noticed a two-headed ogre
  5702 | D:7      | Noticed a green ugly thing
  5710 | D:7      | Killed a white ugly thing
  5816 | D:7      | Found a runed translucent door.
  5817 | D:7      | Noticed Crazy Yiuf
  5828 | D:7      | Killed Crazy Yiuf
  5837 | D:7      | Identified a scroll of acquirement
  5837 | D:7      | Acquired a +2 hat of see invisible
  6144 | D:8      | Reached XP level 10. HP: 42/100 MP: 11/11
  6147 | D:8      | Reached skill level 11 in Unarmed Combat
  6231 | D:8      | Found a staircase to the Lair.
  6406 | D:8      | Found a flagged portal.
  6446 | Bailey   | Entered a bailey
  6451 | Bailey   | Noticed an orc warlord
  6611 | Bailey   | Found a runed translucent gate.
  6614 | Bailey   | Found a runed translucent gate.
  6616 | Bailey   | Found a runed translucent gate.
  6623 | Bailey   | Noticed an orc knight
  6649 | Bailey   | Killed an orc knight
  6755 | Bailey   | Killed an orc warlord
  6921 | D:8      | Acquired 700 gold pieces
  6925 | D:8      | Acquired 690 gold pieces
  6974 | D:8      | Found an iron altar of Okawaru.
  7144 | D:8      | Reached skill level 12 in Unarmed Combat
  7364 | D:9      | Found a glowing golden altar of the Shining One.
  7432 | D:9      | Noticed a two-headed ogre
  7677 | D:9      | Reached skill level 5 in Shields
  7924 | D:9      | Noticed a two-headed ogre
  7940 | D:9      | Killed a two-headed ogre
  7941 | D:9      | Reached XP level 11. HP: 102/109 MP: 12/12
  8216 | D:9      | Killed a two-headed ogre
  8417 | D:10     | Entered Level 10 of the Dungeon
  8619 | D:10     | Noticed an orc knight
  8662 | D:10     | Killed an orc knight
  8746 | D:10     | Noticed an orc knight
  8776 | D:10     | Killed an orc knight
  8848 | D:10     | Found a staircase to the Orcish Mines.
  8913 | D:10     | Noticed a two-headed ogre
  8921 | D:10     | Killed a two-headed ogre
  8922 | D:10     | Reached skill level 13 in Unarmed Combat
  8922 | D:10     | Reached skill level 1 in Evocations
  9451 | D:10     | Paralysed by a hornet for 2 turns
  9889 | Lair:1   | Entered Level 1 of the Lair of Beasts
 10141 | Lair:1   | Reached XP level 12. HP: 122/122 MP: 13/13
 10204 | Lair:1   | Found the +9 heavy crossbow "Sniper" {vorpal, Acc+∞ SInv}
 10286 | Lair:1   | Noticed a six-headed hydra
 10355 | Lair:1   | Killed a seven-headed hydra
 10481 | Lair:1   | Reached skill level 14 in Unarmed Combat
 10787 | Lair:2   | Found a staircase to the Shoals.
 11902 | Lair:3   | Noticed a death yak
 11903 | Lair:3   | Noticed a death yak
 11921 | Lair:3   | Noticed a death yak
 12045 | Lair:3   | Found a staircase to the Snake Pit.
 12269 | Lair:3   | Noticed a seven-headed hydra
 12277 | Lair:3   | Killed a seven-headed hydra
 12669 | Lair:3   | Killed a death yak
 12683 | Lair:3   | Killed a death yak
 12687 | Lair:3   | Killed a death yak
 12969 | Lair:4   | Noticed a death yak
 12971 | Lair:4   | Noticed a death yak
 12985 | Lair:4   | Killed a death yak
 12986 | Lair:4   | Reached skill level 15 in Unarmed Combat
 12986 | Lair:4   | Reached XP level 13. HP: 106/131 MP: 14/14
 13327 | Lair:4   | Reached skill level 5 in Evocations
 13747 | Lair:4   | Noticed Sonja
 13754 | Lair:4   | Killed Sonja
 14389 | Lair:5   | Reached skill level 10 in Fighting
 14588 | Lair:5   | Reached skill level 16 in Unarmed Combat
 14807 | Lair:5   | Learned a level 6 spell: Blade Hands
 15454 | Lair:6   | Entered Level 6 of the Lair of Beasts
 15463 | Lair:6   | Reached XP level 14. HP: 136/143 MP: 15/15
 15465 | Lair:6   | Acquired the +9 scales of the Dragon King {rPois rF+ rC+
                  | Will+}
 15466 | Lair:6   | Found the +9 scales of the Dragon King {rPois rF+ rC+
                  | Will+}
 15605 | Lair:6   | Reached skill level 1 in Armour
 15662 | Lair:6   | Found a transporter.
 15668 | Lair:6   | Noticed PeterLawrence's ghost (journeyman MiFi)
 15678 | Lair:6   | Noticed adept's ghost (journeyman DjCj)
 15933 | Lair:6   | Found a viscous altar of Jiyva.
 15933 | Lair:6   | Found a staircase to the Slime Pits.
 16093 | Lair:6   | Found a transporter.
 17524 | Orc:1    | Entered Level 1 of the Orcish Mines
 17956 | Orc:2    | Entered Level 2 of the Orcish Mines
 18211 | Orc:2    | Reached skill level 5 in Dodging
 18211 | Orc:2    | Reached XP level 15. HP: 152/153 MP: 16/16
 18389 | Orc:2    | Found a staircase to the Elven Halls.
 18421 | Orc:2    | Noticed Donald
 18423 | Orc:2    | Noticed Urug
 18436 | Orc:2    | Killed Donald
 18437 | Orc:2    | Reached skill level 17 in Unarmed Combat
 18444 | Orc:2    | Killed Urug
 18576 | Orc:2    | Reached skill level 5 in Armour
 18627 | Orc:2    | Found Heahur's Jewellery Boutique.
 18627 | Orc:2    | Found Haisheusm's Magic Scroll Emporium.
 18634 | Orc:2    | Found Tiwnitz's Assorted Antiques.
 18634 | Orc:2    | Found Qismulom's Armour Emporium.
 18645 | Orc:2    | Bought a scroll of teleportation for 33 gold pieces
 18645 | Orc:2    | Bought a scroll of magic mapping for 38 gold pieces
 19400 | D:11     | Identified the +1 robe "Ewohymav" {rF+ rN+ Int+3}
 20818 | D:13     | Found a gate to the Vaults.
 21253 | D:14     | Found a portal to a secret trove of treasure.
 21321 | D:14     | You fall into a shaft and drop 1 floor!
 21321 | D:15     | Entered Level 15 of the Dungeon
 21338 | D:15     | Noticed Agnes
 21355 | D:15     | Killed Agnes
 21471 | D:15     | Found a staircase to the Depths.
 21858 | D:14     | Noticed Jorgrun
 21873 | D:14     | Killed Jorgrun
 21874 | D:14     | Reached XP level 16. HP: 164/167 MP: 17/17
 22744 | D:15     | Bought the +2 shield of Resistance {rF++ rC++ Will++} for
                  | 2271 gold pieces
 22744 | D:15     | Found the +2 shield of Resistance {rF++ rC++ Will++}
 22744 | D:15     | Bought a glowing cloak for 262 gold pieces
 22770 | D:15     | Upgraded the game from 0.27-a0-789-g6bb3289e1e to
                  | 0.27-a0-819-g058290f16d
 23055 | Snake:1  | Entered Level 1 of the Snake Pit
 23084 | Snake:1  | Reached skill level 18 in Unarmed Combat
 24883 | Snake:2  | Identified the +7 hunting sling "Ciseof" {freeze, rC+ Str-2
                  | Stlth+}
 25773 | Snake:3  | Noticed Mara
 25780 | Snake:3  | Noticed tsouns's illusion
 25792 | Snake:3  | Noticed tsouns's illusion
 25824 | Snake:3  | Noticed Kirke
 26047 | Snake:3  | Noticed Aizul
 26056 | Snake:2  | Killed Kirke
 26135 | Snake:2  | Killed Aizul
 26257 | Snake:3  | Reached XP level 17. HP: 147/178 MP: 18/18
 26424 | Snake:3  | Noticed tsouns's illusion
 26425 | Snake:3  | Killed Mara
 26428 | Snake:3  | Acquired 528 gold pieces
 26874 | Snake:3  | Reached skill level 19 in Unarmed Combat
 26907 | Snake:3  | Found a runed translucent door.
 27250 | Snake:3  | Reached skill level 10 in Armour
 27423 | Snake:4  | Entered Level 4 of the Snake Pit
 29096 | Snake:4  | Reached XP level 18. HP: 181/191 MP: 19/19
 29374 | Snake:4  | Got a serpentine rune of Zot
 29760 | Shoals:1 | Entered Level 1 of the Shoals
 29775 | Shoals:1 | Noticed Louise
 30302 | Shoals:1 | Killed Louise
 30398 | Shoals:1 | Noticed Nikola
 30423 | Shoals:1 | Killed Nikola
 31364 | Shoals:2 | Noticed Ilsuiw
 31475 | Shoals:2 | Killed Ilsuiw
 31490 | Shoals:2 | HP: 8/191 [merfolk javelineer/silver javelin (3)]
 31976 | Shoals:3 | Reached skill level 1 in Throwing
 32095 | Shoals:3 | Reached skill level 20 in Unarmed Combat
 32494 | Shoals:4 | Entered Level 4 of the Shoals
 32670 | Shoals:4 | Identified the +1 robe of the Villain {-Tele Will++}
 32730 | Shoals:4 | Got a barnacled rune of Zot
 32944 | Shoals:4 | Identified Iroutoch's Catalogue of Orientation
 32948 | Shoals:4 | Learned a level 1 spell: Apportation
 33043 | Shoals:4 | Reached skill level 15 in Fighting
 33180 | Shoals:4 | Reached XP level 19. HP: 172/201 MP: 20/20
 33877 | Vaults:1 | Entered Level 1 of the Vaults
 35332 | Vaults:1 | Reached skill level 5 in Throwing
 35527 | Vaults:2 | Reached skill level 21 in Unarmed Combat
 36402 | Vaults:2 | Reached XP level 20. HP: 143/211 MP: 21/21
 36941 | Vaults:3 | Found a shimmering altar of Xom.
 37839 | Vaults:3 | Noticed a bone dragon
 37841 | Vaults:3 | Found a staircase to the Crypt.
 37858 | Vaults:3 | Killed a bone dragon
 37870 | Crypt:1  | Entered Level 1 of the Crypt
 38387 | Crypt:1  | Reached skill level 22 in Unarmed Combat
 39402 | Crypt:2  | Reached XP level 21. HP: 217/219 MP: 22/22
 40144 | Crypt:3  | Entered Level 3 of the Crypt
 40448 | Crypt:3  | Found a magical portal.
 40461 | WizLab   | Entered Wucad Mu's Monastery
 40684 | WizLab   | Found the +9 staff of Wucad Mu {*channel}
 40722 | WizLab   | Reached XP level 22. HP: 232/232 MP: 11/23
 41323 | Crypt:3  | Found an ancient bone altar of Kikubaaqudgha.
 41372 | Crypt:3  | Noticed an ancient lich
 41377 | Crypt:3  | Noticed Mennas
 41393 | Crypt:3  | Killed an ancient lich
 41394 | Crypt:3  | Reached skill level 23 in Unarmed Combat
 41440 | Crypt:3  | Killed Mennas
 41577 | Crypt:3  | Identified the +2 broad axe of the Orb {flame, Int+4
                  | Stlth+}
 41578 | Crypt:3  | Identified the +5 dagger of the Trees {holy, Str-4 Dex+5}
 41583 | Crypt:3  | Identified the +1 hunting sling "Ogre's Death Toll" {flame,
                  | rC+ Will++ Dex+2}
 41710 | Crypt:3  | Identified the Catalogue of Evil Rites
 41778 | Crypt:3  | Identified the ring "Soipuza" {rF+ rN+}
 42081 | Crypt:3  | Found a staircase to the Tomb.
 42356 | Crypt:3  | Reached skill level 10 in Throwing
 42417 | Crypt:3  | Reached XP level 23. HP: 241/241 MP: 24/24
 42948 | Depths:1 | Entered Level 1 of the Depths
 42948 | Depths:1 | Found a gateway to a ziggurat.
 42965 | Depths:1 | Found a gateway to Hell.
 43260 | Depths:1 | Reached skill level 15 in Armour
 43393 | Depths:1 | Found Yhopigioj's Antique Armour Shop.
 43393 | Depths:1 | Found Redait's Armour Boutique.
 43442 | Depths:1 | Bought a glittering pewter ring for 150 gold pieces
 43442 | Depths:1 | Identified the ring "Tirr" {Ice +Blink} (You bought it in a
                  | shop on level 1 of the Depths)
 44024 | Depths:2 | Found a one-way gate to the infinite horrors of the Abyss.
 44504 | Depths:2 | Acquired a manual of Shields
 45091 | Depths:3 | Found a one-way gate leading to the halls of Pandemonium.
 45245 | Depths:3 | Found Gocwizio's Armour Shoppe.
 45253 | Depths:3 | Reached skill level 24 in Unarmed Combat
 45261 | Depths:3 | Bought the +0 mask of the Dragon {Will+ Slay+3 SInv} for
                  | 534 gold pieces
 45261 | Depths:3 | Found the +0 mask of the Dragon {Will+ Slay+3 SInv}
 45558 | Depths:3 | Noticed an ancient lich
 45570 | Depths:3 | Found the +8 glaive of the Guard {elec, spectral, AC+5}
 45701 | Depths:3 | Killed an ancient lich
 45702 | Depths:3 | Reached skill level 10 in Shields
 46176 | Depths:4 | Reached XP level 24. HP: 253/253 MP: 24/24
 47599 | Depths:5 | Entered Level 5 of the Depths
 47977 | Depths:5 | Noticed Argha's ghost (veteran GrGl)
 47979 | Depths:5 | Found a transporter.
 47985 | Depths:5 | Found a bloodstained altar of Trog.
 47986 | Depths:5 | Noticed a juggernaut
 47987 | Depths:5 | Identified the +10 hunting sling of the Sky {flame, +Fly}
 47997 | Depths:5 | Found a transporter.
 48610 | Depths:5 | Found a gate to the Realm of Zot.
 48993 | Elf:1    | Entered Level 1 of the Elven Halls
 49225 | Elf:1    | Reached skill level 25 in Unarmed Combat
 49549 | Elf:1    | Found Ilubbeme's General Store.
 49586 | Elf:1    | Bought a scroll of blinking for 120 gold pieces
 49586 | Elf:1    | Bought a scroll of blinking for 120 gold pieces
 49609 | Elf:1    | Identified the +2 falchion "Coxt" {distort, rElec rN++}
 49625 | Elf:1    | Reached XP level 25. HP: 263/263 MP: 24/24
 49830 | Elf:1    | Identified the Incunabulum of Evil Rituals
 50413 | Elf:2    | Found a frozen archway.
 50445 | IceCv    | Entered an ice cave
 51140 | Elf:2    | Found a runed translucent gate.
 51140 | Elf:2    | Found a runed translucent gate.
 51140 | Elf:2    | Found a runed translucent gate.
 51515 | Elf:3    | Entered Level 3 of the Elven Halls
 51617 | Elf:3    | Found Podud's Weapon Shop.
 51621 | Elf:3    | Found Kolu's Antique Weapon Boutique.
 51624 | Elf:3    | Found Vemuoxt's Distillery.
 51680 | Elf:3    | Bought a potion of heal wounds for 95 gold pieces
 51680 | Elf:3    | Bought a potion of curing for 57 gold pieces
 51680 | Elf:3    | Bought a potion of curing for 57 gold pieces
 51680 | Elf:3    | Bought a potion of curing for 57 gold pieces
 51680 | Elf:3    | Bought a potion of curing for 57 gold pieces
 51859 | Elf:3    | Noticed Roxanne
 51867 | Elf:3    | Killed Roxanne
 52229 | Elf:3    | Identified the +8 battleaxe "Zuuguel" {flame, rElec rF++
                  | Dex-3 SInv}
 52229 | Elf:3    | Identified the +1 leather armour "Bout" {rF+ rN+ rCorr
                  | Int-3}
 52393 | Elf:3    | Identified the +0 leather armour "Baproider" {rPois rCorr
                  | Dex+2 Stlth-}
 52409 | Elf:3    | Identified the +4 tower shield "Ogotz" {+Fly rElec Str-2
                  | Int+3}
 52460 | Elf:3    | Found the +6 shillelagh "Devastator" {shatter}
 52469 | Elf:3    | Identified the +3 dagger of Ybraun {flame, *Contam *Noise
                  | rElec Int+8}
 52492 | Elf:3    | Identified the +1 hand axe of the Sneaky Youths {vorpal,
                  | rElec rC- rN++ SInv}
 52533 | Elf:3    | Identified the +9 shortbow of the Orcish Mines {speed,
                  | rElec rC- rN++}
 53232 | Slime:1  | Entered Level 1 of the Pits of Slime
 53715 | Slime:5  | Entered Level 5 of the Pits of Slime
 53759 | Slime:5  | Found a viscous altar of Jiyva.
 53759 | Slime:5  | Noticed the Royal Jelly
 53794 | Slime:5  | Reached XP level 26. HP: 230/276 MP: 8/24
 53811 | Slime:5  | Killed the Royal Jelly
 53828 | Slime:5  | Reached skill level 10 in Dodging
 53913 | Slime:5  | Identified the +1 barding of the Arcane {*Corrode rC+
                  | Int+3}
 53990 | Slime:5  | Identified the +5 scimitar of Xirrexom {vorpal, rElec rPois
                  | Dex+4}
 53991 | Slime:5  | Identified the +2 war axe "Nuosuahu" {venom, rF+ rN+ Str+2
                  | Dex+4}
 54022 | Slime:5  | Identified the Volume of Contamination and the Volcanoes
 54029 | Slime:5  | Got a slimy rune of Zot
 54612 | Hell     | Entered the Vestibule of Hell
 54612 | Hell     | Noticed Geryon
 54626 | Hell     | Noticed an ancient lich
 54628 | Hell     | Found a gateway to the decaying netherworld of Tartarus.
 54667 | Hell     | HP: 13/276 [smoke demon/divine providence (11)]
 54842 | Hell     | Gained mutation: You are clumsy. (Dex -2) [a cacodemon]
 54843 | Hell     | Gained mutation: You tend to lose your temper in combat. [a
                  | cacodemon]
 54933 | Hell     | Gained mutation: You are occasionally teleported next to
                  | monsters. [a cacodemon]
 54982 | Depths:1 | Bought the amulet of Vitality {Regen+ HP+15} for 1264 gold
                  | pieces
 54982 | Depths:1 | Found the amulet of Vitality {Regen+ HP+15}
 54992 | Depths:1 | Lost mutation: You tend to lose your temper in combat.
                  | [potion of mutation]
 54992 | Depths:1 | Lost mutation: You are clumsy. (Dex -2) [potion of
                  | mutation]
 54992 | Depths:1 | Lost mutation: You are occasionally teleported next to
                  | monsters. [potion of mutation]
 54992 | Depths:1 | Gained mutation: You are somewhat resistant to further
                  | mutation. [potion of mutation]
 55021 | Hell     | Found a gateway to the ashen valley of Gehenna.
 55593 | Hell     | Killed Geryon
 55715 | Hell     | Killed an ancient lich
 55978 | Hell     | Found a gateway to the Iron City of Dis.
 56029 | Hell     | Found a gateway to the freezing wastes of Cocytus.
 56274 | Hell     | Upgraded the game from 0.27-a0-819-g058290f16d to
                  | 0.27-a0-836-gfc908b8576
 56418 | Depths:4 | Voluntarily entered the Abyss.
 56430 | Abyss:1  | Found a corrupted altar of Lugonu.
 57131 | Abyss:2  | Reached skill level 15 in Throwing
 57234 | Abyss:2  | Identified the +0 chain mail "Zefin" {rPois rC+ Str-5}
 58225 | Abyss:3  | Paralysed by accursed screaming for 1 turns
 58254 | Abyss:3  | Reached skill level 26 in Unarmed Combat
 58254 | Abyss:3  | Reached XP level 27. HP: 276/288 MP: 24/24
 58665 | Abyss:3  | Identified the +10 halberd of Opseth {distort, rElec Str+3
                  | Int+5 Dex-3}
 59182 | Abyss:3  | Paralysed by accursed screaming for 1 turns
 59456 | Abyss:3  | Gained mutation: Armour fits poorly on your strangely
                  | shaped body. [a neqoxec]
 59457 | Abyss:3  | Gained mutation: You sometimes lose the ability to read
                  | scrolls when taking damage. [a neqoxec]
 59459 | Abyss:3  | Gained mutation: Your magical capacity is low. (-10% MP) [a
                  | neqoxec]
 59473 | Abyss:3  | Paralysed by accursed screaming for 2 turns
 60493 | Abyss:4  | Identified the +4 dagger "Diali" {flame, rF- Int+4 Dex+3
                  | SInv}
 60516 | Abyss:4  | Noticed a dread lich
 60522 | Abyss:4  | Killed a dread lich
 60677 | Abyss:4  | Paralysed by accursed screaming for 1 turns
 60820 | Abyss:4  | Noticed a dread lich
 60832 | Abyss:4  | Killed a dread lich
 60947 | Abyss:4  | Found a sparkling altar of Nemelex Xobeh.
 61291 | Abyss:4  | Found a snail-covered altar of Cheibriados.
 61380 | Abyss:4  | Got an abyssal rune of Zot
 61453 | Depths:4 | Escaped the Abyss
 61458 | Depths:4 | Lost mutation: Armour fits poorly on your strangely shaped
                  | body. [potion of mutation]
 61458 | Depths:4 | Lost mutation: You sometimes lose the ability to read
                  | scrolls when taking damage. [potion of mutation]
 61458 | Depths:4 | Lost mutation: You are somewhat resistant to further
                  | mutation. [potion of mutation]
 61458 | Depths:4 | Gained mutation: Your body sometimes deteriorates upon
                  | taking damage. [potion of mutation]
 61458 | Depths:4 | Gained mutation: You have large cloven feet. [potion of
                  | mutation]
 61525 | Pan      | Entered Pandemonium
 61823 | Pan      | Found a huge runed translucent gate.
 61824 | Pan      | Found a huge runed translucent gate.
 61825 | Pan      | Found a huge runed translucent gate.
 61826 | Pan      | Found a huge runed translucent gate.
 61827 | Pan      | Found a huge runed translucent gate.
 61828 | Pan      | Found a huge runed translucent gate.
 61829 | Pan      | Found a huge runed translucent gate.
 61839 | Pan      | Noticed Rikhup the pandemonium lord
 61872 | Pan      | Killed from afar by Rikhup the pandemonium lord

Illustrated notes

Levels and vault maps discovered:
D:1:      nicolae_arrival_washed_ashore, layout_loops_ring,
          evilmike_ruin_ashenzari
D:2:      layout_basic, serial_shops, nicolae_shop_trees,
          kennysheep_jessica_study, uniq_jessica, uniq_sigmund
D:3:      layout_basic, lemuel_crystal_altar, grunt_decor_clamped
D:4:      layout_basic, lightli_ossuary_entry_decrepit_ruins, uniq_natasha
D:5:      layout_rooms, minmay_manual_monstrance
D:6:      layout_basic, lemuel_doored_altar, gammafunk_temple_overflow_claw,
          gammafunk_temple_overflow_elements
D:7:      cheibrodos_fzero, layout_cave_pools, nicolae_elyvilon_peaceful_grove,
          minmay_temple_entry_waves, serial_shops, shop, grunt_qazlal_sundering,
          uniq_crazy_yiuf_cottage
D:8:      layout_loops_ring, grunt_lair_entry_orc_guard_hut, enter_bailey_5,
          kennysheep_nondescript, okawaru_metal_pillars_3
D:9:      layout_cave_pods, overflow_temple_1_default, hangedman_decor_lopped
D:10:     minmay_inner_zag, layout_basic, david_orc_5, st_stairs_9,
          grunt_ministairs_3, kennysheep_generic_room_6
D:11:     layout_basic, corner_web_ring, nicolae_water_bricks
D:12:     layout_gridville
D:13:     layout_big_octagon, david_vaults_4, serial_rivers,
          chequers_serial_rivers_room_a, chequers_serial_rivers_micro_a,
          chequers_serial_rivers_room_a, chequers_serial_rivers_micro_a
D:14:     layout_roguey, nicolae_trove_entry_isolated, hangedman_glass_teeth,
          uniq_jorgrun
D:15:     gammafunk_depths_entry_grave, layout_long_grid,
          minmay_fire_ice_demons, uniq_agnes
Lair:1:   minmay_lair_venomous_thicket, layout_big_grid, st_stairs_8,
          lemuel_fruit_fields, lemuel_fruit_fields
Lair:2:   beast_lair_carwin_large_4, layout_regular_city, shoals_dummy_entry,
          grunt_megastairs_5, serial_bayou_shore_b
Lair:3:   layout_hall_layers, minmay_snake_entry_guardpost_large,
          grunt_megastairs_4
Lair:4:   layout_regular_city, lemuel_old_faithful, uniq_sonja
Lair:5:   layout_roguey
Lair:6:   hangedman_lair_in_review, layout_regular_city, slime_altar_1,
          nzn_ghost_randoct, nicolae_volcano_entry_s_turn, roderic_batcave,
          kennysheep_rathole
Shoals:1: layout_shoals, nicolae_shoals_siren_and_animal_friends, uniq_nikola,
          uniq_louise
Shoals:2: layout_shoals, nicolae_shoals_arrival_archipelago, uniq_ilsuiw
Shoals:3: layout_shoals
Shoals:4: shoals_end_grunt_ice, layout_shoals
Snake:1:  layout_gridlike
Snake:2:  layout_layer_cave
Snake:3:  layout_grid_maze, lightli_airlock, uniq_kirke, uniq_aizul, uniq_mara
Snake:4:  johnstein_snake_rune_scales, layout_chambers
Slime:1:  layout_caves
Slime:2:  layout_caves
Slime:3:  layout_caves
Slime:4:  layout_caves
Slime:5
Orc:1:    layout_diamond_mine
Orc:2:    grunt_orc_tribal_feast, layout_caves, uniq_donald, uniq_urug
Elf:1:    eino_elf_arrival_sip, layout_loops_corners, serial_shops,
          nicolae_shop_trees, minmay_elf_necromancy, minivault_16, fountainhead,
          fountainhead
Elf:2:    layout_geoelf_grid, portal_ice_cave_entry_horrid_things
Elf:3:    minmay_elf_hall_curves, layout_gridlike,
          hangedman_elven_crosses_minicolossus, minmay_shop_star, uniq_roxanne
Vaults:1: nicolae_vaults_asterisk, nicolae_vaults_ring_of_whatevers,
          v_alt_pattern_3, vaults_mumra_chevron_long, nicolae_vaults_alarming,
          v_alt_pattern_1, ontoclasm_vaults_ligature,
          nicolae_vaults_mini_display_case, hangedman_vaults_unwind, v_misc_14,
          hangedman_vaults_river_flow, nicolae_vaults_specimen_jars,
          vaults_room_hangedman_quadrants, hangedman_vaults_impose, v_misc_25,
          layout_vaults_omnicross
Vaults:2: v_alt_pattern_2, ontoclasm_vaults_misaligned, vaults_room_grid,
          ontoclasm_vaults_shout, nicolae_vaults_border_crossing,
          layout_vaults_omnigrid
Vaults:3: dpeg_vaults_monster_row, minmay_crypt_entry_nasty_monster,
          serial_ice_h, hangedman_vaults_stitches, v_misc_10, v_misc_1,
          nicolae_vaults_yaktaur_gun_rack, layout_vaults_chaotic_city,
          basic_altar
Crypt:1:  layout_catacombs, grunt_crypt_arrival_split
Crypt:2:  layout_gridlike, grunt_ministairs_6, amcnicky_mini_pool_small
Crypt:3:  church_of_pain_bobbens, layout_chaotic_city,
          tomb_entry_simple_bobbens, mu_enter_wizlab_6, uniq_mennas
Depths:1: layout_basic, enter_ziggurat_f, serial_sigils_hangedman_carve,
          hell_entry, lemuel_flame_loot_1, minmay_shoptagon
Depths:2: cheibrodos_leafed_vault, layout_gridlike, abyss_entry, hell_entry
Depths:3: minmay_guarded_unrand_guard, layout_gridlike, serial_shops,
          nicolae_shop_crystal, moated_statue, hangedman_coc_ice_floe,
          grunt_pan_entry_zigzag, infiniplex_staircase_squiggle
Depths:4: nooodl_heptagram, layout_long_grid, abyss_entry, minmay_misc_feat_x,
          hell_entry
Depths:5: evilmike_zot_entry_gauntlet, layout_basic, grunt_pan_entry_in_and_out,
          hell_entry, gammafunk_ghost_wrathful_warriors
Hell
Pan:      nicolae_pan_giant_door, layout_basic

Skill      XL: |  1  2  3  4  5  6  7  8  9 10 11 12 13 14 15 16 17 18 19 20 21 22 23 24 25 26 27 |
---------------+----------------------------------------------------------------------------------+-----
Unarmed Combat | 1 2 4 5 7 9 10 12 13 15 16 17 18 19 20 21 22 23 24 25 26 | 26.7
Fighting       | 1 2 3 4 5 6 7 8 9 10 11 12 13 14 15 16 17 18 19 20 | 20.2
Shields        | 1 3 5 6 7 8 9 10 12 13 14 | 14.8
Evocations     | 2 4 5 6 8 |  8.3
Armour         | 4 7 9 10 11 12 13 14 15 16 17 18 | 18.3
Dodging        | 5 6 7 8 9 10 11 | 11.8
Throwing       | 3 6 8 9 10 11 12 13 15 16 | 16.6
Stealth        | 2 4 |  4.4
Spellcasting   | |  1.3
Transmutations | |  0.6
Earth Magic    | |  2.6

Action                   |  1- 3 |  4- 6 |  7- 9 | 10-12 | 13-15 | 16-18 | 19-21 | 22-24 | 25-27 || total
-------------------------+-------+-------+-------+-------+-------+-------+-------+-------+-------++-------
Melee: Unarmed           |    76 |   164 |   362 |   702 |  1327 |  1723 |  1452 |  1626 |  2727 || 10159
       Punch             |     1 |     2 |     4 |       |       |       |       |       |       ||     7
       Kick              |       |       |       |       |       |       |       |       |    18 ||    18
Throw: Boomerang         |       |       |       |    22 |     3 |       |       |       |       ||    25
       Large rock        |       |       |       |       |     2 |    16 |       |     4 |     9 ||    31
       Javelin           |       |       |       |       |       |       |       |       |     9 ||     9
 Cast: Sandblast         |     2 |       |    17 |       |       |       |       |       |       ||    19
       Stone Arrow       |       |       |       |     1 |       |       |       |       |       ||     1
Invok: Call Merchant     |       |       |       |       |       |     2 |       |     1 |     1 ||     4
       Potion Petition   |       |       |       |       |       |       |       |       |     1 ||     1
Evoke: Wand              |       |     1 |       |    22 |    44 |    10 |       |       |     3 ||    80
       Condenser vane    |       |       |       |     1 |     2 |     2 |     1 |     1 |     4 ||    11
       Lightning rod     |       |       |       |       |    10 |     5 |       |     4 |     5 ||    24
       Tin of tremorston |       |       |       |       |       |       |       |       |     3 ||     3
       Phial of floods   |       |       |       |       |       |       |       |       |     1 ||     1
  Use: Scroll            |       |     3 |     8 |    14 |     6 |    11 |     2 |     1 |     5 ||    50
       Potion            |       |       |     7 |     4 |     1 |     8 |     1 |       |     5 ||    26
 Stab: Distracted        |     1 |       |     1 |     2 |     4 |    11 |     7 |     5 |    32 ||    63
       Sleeping          |       |     8 |     3 |     3 |     2 |       |       |       |     1 ||    17
       Invisible         |       |       |       |     4 |       |     2 |       |       |       ||     6
       Confused          |       |       |       |       |     6 |       |       |       |       ||     6
Armor: Robe              |    18 |    38 |    90 |   162 |    68 |       |       |       |       ||   376
       Skin              |     5 |     4 |       |       |       |       |       |       |       ||     9
       Gold dragon scale |       |       |       |       |   465 |   710 |   740 |   606 |  1239 ||  3760
Dodge: Dodged            |    30 |    50 |   131 |   227 |   236 |   362 |   271 |   252 |   519 ||  2078
Block: Kite shield       |       |       |    56 |   321 |   559 |   938 |   726 |   614 |  1464 ||  4678
       Reflection        |       |       |       |       |    28 |     2 |       |       |       ||    30

Table legend: (Time is in decaauts)
 A = Elapsed time spent in this place.
 B = Non-inter-level travel time spent in this place.
 C = Inter-level travel time spent in this place.
 D = Time resting spent in this place.
 E = Time spent auto-exploring this place.
 F = Levels seen in this place.
 G = Mean time per level.
                   A        B        C        D        E       F      G
               +--------+--------+--------+--------+--------+-----+--------+
         Total |  58648 |  54728 |   3920 |    320 |  35517 |  60 |  977.5 |
       Dungeon |  13598 |  11941 |   1657 |    106 |   9155 |  15 |  906.5 |
          Lair |   7848 |   7144 |    704 |     17 |   5316 |   6 | 1308.0 |
        Shoals |   3986 |   3783 |    203 |     41 |   2314 |   4 |  996.5 |
     Snake Pit |   6315 |   6061 |    254 |    128 |   4316 |   4 | 1578.8 |
    Slime Pits |    777 |    768 |      9 |      0 |     96 |   5 |  155.4 |
  Orcish Mines |   1539 |   1427 |    112 |      0 |    905 |   2 |  769.5 |
   Elven Halls |   3361 |   3233 |    128 |     26 |   2197 |   3 | 1120.3 |
        Vaults |   3704 |   3565 |    139 |      0 |   2554 |   3 | 1234.7 |
         Crypt |   4055 |   3889 |    166 |      0 |   2745 |   3 | 1351.7 |
        Depths |   6013 |   5494 |    519 |      0 |   3983 |   5 | 1202.6 |
          Hell |   1157 |   1131 |     26 |      1 |    540 |   1 | 1157.0 |
         Abyss |   4350 |   4350 |      0 |      0 |    527 |   4 | 1087.5 |
   Pandemonium |    316 |    316 |      0 |      0 |    167 |   1 |  316.0 |
       Ossuary |    430 |    430 |      0 |      0 |    235 |   1 |  430.0 |
        Bailey |    412 |    412 |      0 |      0 |    157 |   1 |  412.0 |
      Ice Cave |    392 |    392 |      0 |      0 |    122 |   1 |  392.0 |
        Wizlab |    389 |    389 |      0 |      0 |    186 |   1 |  389.0 |
               +--------+--------+--------+--------+--------+-----+--------+

Top non-repeatable levels by time:
 Abyss:3: 2590 daAuts
 Snake:4: 2092 daAuts
 Snake:2: 1982 daAuts
 Crypt:3: 1899 daAuts
  Lair:6: 1876 daAuts
    D:10: 1491 daAuts
Depths:4: 1458 daAuts
Vaults:1: 1432 daAuts
  Lair:2: 1381 daAuts
  Lair:5: 1363 daAuts
 Snake:3: 1353 daAuts
   Elf:3: 1316 daAuts
Vaults:2: 1311 daAuts
     D:9: 1242 daAuts
 Crypt:2: 1203 daAuts
